Map: Ruins of Endion

Players

Busker

  • Race: Zerg Zerg
  • League: Grandmaster

Miszu - Winner!

  • Race: Terran Terran
  • League: Master

VOD

Have the link to the VOD?

Description

Time

  • Played on: April 11, 2016, 2:02 p.m.
  • Length: 10:14
Show
View Real Time Build Order
Export as new Build Order

Busker Zerg 

Build Orders: Pool First, Muta Ling Bane 

Get SALT Encoding   

  12  0:01  Drone  
  13  0:12  Overlord  
  13  0:17  Drone  
  14  0:31  Drone x2  
  14  0:35  Drone  
  17  0:39  Extractor  
  16  0:46  Drone  
  17  0:51  Spawning Pool  
  17  0:56  Drone  
  17  1:08  Drone  
  18  1:21  Hatchery  
  17  1:38  Zergling x4  
  19  1:41  Metabolic Boost  
  19  1:45  Queen  
  21  1:53  Overlord  
  21  2:00  Zergling x2  
  22  2:11  Zergling x2  
  22  2:13  Zergling x2  
  24  2:21  Queen  
  26  2:25  Drone  
  27  2:32  Drone  
  27  2:34  Drone  
  29  2:43  Drone  
  30  2:50  Drone  
  31  2:55  Drone x2  
  32  3:00  Drone  
  32  3:01  Drone  
  33  3:08  Drone x3  
  36  3:21  Overlord  
  36  3:25  Hatchery  
  36  3:26  Overlord  
  35  3:27  Drone  
  35  3:29  Lair  
  36  3:39  Drone x2  
  39  3:41  Drone  
  39  3:49  Drone  
  39  3:50  Drone x5  
  45  3:57  Extractor, Queen  
  45  3:59  Overlord  
  45  4:01  Overlord  
  46  4:06  Extractor  
  46  4:09  Drone  
  46  4:12  Drone  
  47  4:21  Drone  
  47  4:22  Drone x3  
  51  4:25  Drone  
  52  4:31  Overlord  
  52  4:37  Spire  
  51  4:39  Extractor  
  51  4:42  Drone x4  
  51  4:43  Drone  
  54  4:54  Overlord  
  54  4:56  Drone x2  
  54  4:58  Drone x3  
  59  5:01  Queen  
  59  5:03  Overlord  
  61  5:12  Zergling x12  
  67  5:16  Drone  
  68  5:24  Overseer  
  68  5:36  Drone  
  68  5:37  Drone x9  
  68  5:41  Extractor, Drone  
  68  5:42  Extractor  
  77  5:49  Drone x5  
  82  5:54  Zerg Flyer Weapons Level 1  
  82  5:58  Drone x3, Evolution Chamber  
  82  5:59  Evolution Chamber  
  82  6:03  Overlord  
  83  6:07  Overlord  
  83  6:08  Overlord  
  83  6:14  Baneling Nest  
  82  6:20  Overlord  
  82  6:21  Zergling x8  
  86  6:26  Zerg Melee Weapons Level 1, Zerg Ground Armor Level 1  
  86  6:27  Zergling x12  
  92  6:34  Overlord  
  92  6:38  Zergling x10  
  97  6:46  Zergling x2  
  98  6:54  Hatchery  
  98  6:58  Baneling x5  
  98  6:59  Zergling x6, Baneling x4  
  98  7:00  Zergling x14  
  106  7:10  Hatchery  
  103  7:18  Mutalisk x7  
  116  7:29  Mutalisk  
  111  7:30  Mutalisk x4  
  119  7:41  Queen  
  120  7:44  Zergling x2  
  120  7:48  Zerg Flyer Armor Level 1  
  115  7:54  Zergling x2  
  115  7:55  Zergling x16  
  118  8:01  Mutalisk  
  118  8:02  Mutalisk  
  120  8:07  Overlord x3, Mutalisk x2  
  120  8:08  Mutalisk x2  
  128  8:20  Centrifical Hooks  
  128  8:23  Zergling x10  
  133  8:31  Baneling x2  
  133  8:32  Baneling x5  
  133  8:34  Zergling x12  
  139  8:42  Pneumatized Carapace  
  139  8:47  Overseer  
  139  8:49  Zergling x18  
  139  8:50  Zergling x2  
  149  8:58  Overlord  
  149  9:04  Drone x9  
  158  9:10  Infestation Pit  
  157  9:23  Zergling x18  
  165  9:30  Baneling x2  
  165  9:31  Baneling x5  
  156  9:42  Zergling x24  
  156  9:43  Zergling x6  
  135  9:56  Zergling x2  
Show
View Real Time Build Order
Export as new Build Order

Miszu Terran - Winner!

Build Orders: Reaper Expand, MMM Bio 

Get SALT Encoding   

  12  0:00  SCV  
  13  0:12  SCV  
  14  0:18  Supply Depot  
  14  0:25  SCV  
  15  0:39  SCV  
  15  0:40  Barracks  
  16  0:44  Refinery  
  16  0:51  SCV  
  17  1:04  SCV  
  18  1:16  SCV  
  19  1:29  Reaper, Orbital Command  
  20  1:40  Command Center  
  20  1:50  Supply Depot  
  20  1:54  SCV  
  21  2:01  Marine  
  21  2:06  SCV  
  23  2:18  SCV  
  24  2:24  Barracks Reactor  
  24  2:30  SCV  
  24  2:34  Factory  
  25  2:43  SCV  
  26  2:55  SCV  
  27  3:00  Command Center  
  26  3:06  Marine  
  26  3:07  Marine, SCV  
  27  3:19  SCV  
  28  3:27  Barracks  
  28  3:31  SCV, Orbital Command  
  28  3:33  Barracks Tech Lab  
  31  3:35  Hellion  
  31  3:37  Hellion  
  33  3:43  SCV  
  33  3:45  Supply Depot  
  34  3:51  Marine  
  34  3:52  Stimpack  
  34  3:55  SCV  
  36  4:00  Orbital Command  
  37  4:05  Barracks  
  37  4:07  SCV  
  37  4:11  Factory Reactor  
  37  4:12  Orbital Command  
  37  4:13  Marine  
  38  4:19  SCV  
  38  4:22  Refinery  
  39  4:26  Marine x2  
  39  4:30  SCV  
  42  4:31  SCV  
  42  4:35  Marine  
  44  4:43  Marine  
  44  4:44  Marine, SCV  
  47  4:49  Engineering Bay  
  47  4:51  Engineering Bay, SCV  
  48  4:53  Marine  
  48  4:56  SCV  
  50  5:01  Refinery x2, Factory Reactor  
  50  5:03  SCV  
  50  5:04  Starport  
  50  5:05  Orbital Command  
  51  5:08  Marine x4, SCV  
  56  5:15  Supply Depot, SCV  
  56  5:20  SCV  
  58  5:22  Marauder  
  58  5:24  Supply Depot  
  58  5:26  Marine x2  
  58  5:27  SCV  
  63  5:29  Terran Infantry Armor Level 1  
  63  5:32  SCV  
  63  5:33  Terran Infantry Weapons Level 1  
  63  5:34  Marine x2  
  66  5:36  SCV  
  67  5:43  Marine x2, SCV  
  67  5:45  SCV  
  67  5:46  Factory Reactor  
  67  5:47  Medivac x2  
  75  5:53  Barracks  
  75  5:55  Barracks  
  75  5:57  SCV  
  75  5:59  SCV  
  75  6:03  Supply Depot  
  77  6:05  Marine x3  
  77  6:07  SCV  
  77  6:09  SCV  
  82  6:13  Missile Turret  
  82  6:15  SCV  
  82  6:16  Missile Turret  
  83  6:19  SCV  
  83  6:21  SCV  
  85  6:27  SCV  
  85  6:28  Missile Turret  
  85  6:31  SCV  
  87  6:33  Marine x4  
  87  6:34  Medivac  
  93  6:42  Barracks Reactor  
  93  6:44  Barracks Reactor  
  93  6:46  Supply Depot  
  93  6:47  Supply Depot  
  93  6:52  Combat Shields  
  93  7:07  Marine  
  93  7:08  Marine x3, SCV x3  
  99  7:12  Barracks  
  99  7:13  Barracks  
  99  7:14  Barracks  
  97  7:19  Marine x3, Widow Mine x2  
  97  7:20  SCV x3  
  105  7:30  Marine x4  
  105  7:35  Supply Depot  
  105  7:36  SCV x3  
  112  7:37  Supply Depot  
  112  7:40  Supply Depot, Marine, Marauder  
  115  7:48  SCV x3  
  116  7:53  Marine  
  116  7:54  Marine  
  116  7:57  Marine, Widow Mine x2  
  116  7:58  Marine x3  
  121  8:01  Marauder  
  121  8:05  Medivac x2  
  130  8:06  Barracks Tech Lab  
  130  8:07  Barracks Tech Lab x2  
  127  8:13  Supply Depot  
  127  8:15  Supply Depot  
  127  8:16  Supply Depot  
  127  8:18  Factory  
  127  8:21  Marine  
  127  8:22  Marine x2  
  127  8:23  Marauder  
  127  8:25  Widow Mine x2  
  136  8:32  Marine, Marauder x2  
  141  8:34  Marine x2  
  141  8:35  Marauder  
  141  8:40  Supply Depot x2  
  145  8:42  Supply Depot, Armory  
  145  8:44  Marauder  
  145  8:45  Medivac x2  
  151  8:54  Widow Mine  
  151  8:55  Hellion  
  155  9:00  Marine x2  
  155  9:02  Marine x3  
  159  9:03  Marine x3, Marauder  
  159  9:09  Marine x2  
  168  9:10  Marauder  
  168  9:11  Factory Tech Lab  
  168  9:15  Widow Mine  
  165  9:18  Marine  
  165  9:23  Hellion  
  168  9:36  Medivac x2  
  175  9:43  Marine x4  
  175  9:44  Marine x8, Hellion, Widow Mine  
Tags
 
Add a new tag
Caveats
  • Supply blocks, unpowered buildings, or Contaminate may cause inaccurate times.
  • Supply counts are checked every 10 seconds.